 Dungeon Crawl Stone Soup version 0.30-a0-371-gad7725a93e (webtiles) character file.

Game seed: 8648861922738238357

4319 JOEMAMA2 the Fighter (level 10, 0/96 (97) HPs)
             Began as a Minotaur Berserker on Nov 20, 2022.
             Was an Elder of Trog.
             Slain by an unseen horror (5 damage)
             ... on level 8 of the Dungeon.
             The game lasted 00:10:40 (6520 turns).

JOEMAMA2 the Fighter (Minotaur Berserker)           Turns: 6520, Time: 00:10:40

HP:   0/96 (97)     AC: 11    Str: 27    XL:     10   Next: 11%
MP:   9/9           EV: 10    Int:  4    God:    Trog [****..]
Gold: 340           SH:  0    Dex:  9    Spells: 9/9 levels left

rFire   . . .      SeeInvis .    h - +0 war axe
rCold   . . .      Faith    .    (no shield)
rNeg    + . .      Spirit   .    j - +0 chain mail
rPois   .          Reflect  .    (helmet restricted)
rElec   .          Harm     .    (no cloak)
rCorr   .          Rampage  .    (no gloves)
Will    .....                    (no boots)
Stlth   ..........               (no amulet)
HPRegen 0.36/turn                n - ring of positive energy
MPRegen 0.11/turn                (no ring)

@: lightly drained
A: horns 2, retaliatory headbutt
a: Renounce Religion, Berserk, Trog's Hand, Brothers in Arms


You were on level 8 of the Dungeon.
You worshipped Trog.
Trog was greatly pleased with you.
You visited 1 branch of the dungeon, and saw 7 of its levels.

You collected 340 gold pieces.

Inventory:

Hand Weapons
 a - a +1 hand axe
 f - a +2 hand axe of flaming
 h - a +0 war axe (weapon)
Missiles
 b - 2 throwing nets (quivered)
Armour
 j - a +0 chain mail (worn)
Jewellery
 n - a ring of positive energy (left hand)
 s - a ring of willpower
Wands
 d - a wand of paralysis (12)
 p - a wand of acid (9)
Scrolls
 c - 2 scrolls of fog
 i - a scroll of teleportation
 o - 4 scrolls of identify
 q - a scroll of blinking
Potions
 e - 2 potions of curing
 g - a potion of cancellation
 k - a potion of heal wounds {unknown}
 l - 2 potions of brilliance {unknown}
 m - 3 potions of degeneration {unknown}
 r - a potion of flight {unknown}


   Skills:
 * Level 11.7 Fighting
 + Level 8.7 Axes
 + Level 8.3 Armour
 + Level 7.5 Dodging


You had 9 spell levels left.
You didn't know any spells.
Your spell library was empty.

Dungeon Overview and Level Annotations

Branches:
Dungeon (8/15)             Temple (0/1) D:7
   Lair: D:8-11

Altars:
Elyvilon
Qazlal
Trog
Zin

Shops:
D:2 *

Annotations:
D:5 1 runed translucent door


Innate Abilities, Weirdness & Mutations

You have a pair of horns on your head.
You reflexively headbutt those who attack you in melee.


Message History

The centaur kicks you but does no damage.
Something hits you but does no damage.
You completely miss the centaur.
The centaur is severely wounded.
You barely miss something. Something hits you but does no damage.
The centaur hits you but does no damage.
The centaur kicks you but does no damage.
Something hits you. The centaur hits you.
The centaur kicks you but does no damage.
You slash the centaur!
You kill the centaur!
Trog accepts your kill. Something hits you but does no damage.
Something hits you!
You are too injured to fight recklessly!
You are too injured to fight recklessly!
You are too injured to fight recklessly!
You miss something. Something hits you. x2
You hit something. Something hits you but does no damage.
Something hits you. x2
* * * LOW HITPOINT WARNING * * *
You barely miss something. Something hits you but does no damage.
Something hits you.
* * * LOW HITPOINT WARNING * * *
You miss something. Your headbutt misses something. Something hits you!
* * * LOW HITPOINT WARNING * * *
Something hits you.
* * * LOW HITPOINT WARNING * * *
Something hits you but does no damage. Something completely misses you.
You start resting.
Something hits you but does no damage. Something hits you.
* * * LOW HITPOINT WARNING * * *
You miss something. You headbutt something.
Something hits you but does no damage. Something hits you.
* * * LOW HITPOINT WARNING * * *
Something hits you.
* * * LOW HITPOINT WARNING * * *
Something hits you.
You die...

# #############..
#.#.#.#.#.#.#.#.##
................#
##.#.#.#)#.#$#.#.#
#.....)..)...$....
##.#.#.#.#<#.#.#"#
.................
#.#.#.#.#@#.#.#.##
.................
#.#.#.#.#.#.#.#.##
#................
##.#.#.#.#.#.#.#.#
###########.###..
.# ##


There were no monsters in sight!

Vanquished Creatures
  The ghost of flotson the Trooper, a novice DsDe of Gozag (D:6)
  Joseph (D:7)
  The ghost of sigtrap the Vexing, an amateur GnHs of Makhleb (D:4)
  3 sky beasts
  2 ice beasts
  A black bear (D:6)
  3 ogres
  3 centaurs
  A phantom (D:5)
  3 necrophages
  2 bullfrogs
  11 scorpions
  4 gnoll sergeants
  A howler monkey (D:6)
  A centaur zombie (D:4)
  A gnoll bouda (D:7)
  2 orc priests (D:6)
  8 hounds
  2 iguanas
  4 orc wizards
  26 gnolls
  2 howler monkey skeletons (D:4)
  7 adders
  A shadow imp (D:7)
  A white imp (D:5)
  2 ufetubi
  18 orcs
  4 ball pythons
  3 bats
  3 endoplasms
  9 giant cockroaches
  5 goblins
  5 hobgoblins (D:1)
  6 quokkas
  2 frilled lizards (D:1)
  6 kobolds
  5 rats (D:1)
  2 butterflies (D:5)
162 creatures vanquished.

Vanquished Creatures (collateral kills)
  A gnoll sergeant (D:7)
  A gnoll (D:7)
2 creatures vanquished.

Vanquished Creatures (others)
  A worm (D:4)
1 creature vanquished.

Grand Total: 165 creatures vanquished

Notes
Turn   | Place    | Note
-------+----------+-------------------------------------------
     0 | D:1      | JOEMAMA2 the Minotaur Berserker began the quest for the
                  | Orb.
     0 | D:1      | Reached XP level 1. HP: 19/19 MP: 0/0
    92 | D:1      | Reached XP level 2. HP: 14/27 MP: 1/1
   161 | D:1      | Reached skill level 4 in Fighting
   412 | D:1      | Reached XP level 3. HP: 33/33 MP: 2/2
   847 | D:1      | Reached ** piety under Trog
  1362 | D:2      | Found Aklora's Assorted Antiques.
  1433 | D:2      | You fall into a shaft and drop 2 floors!
  1435 | D:4      | Found a transporter.
  1474 | D:4      | Noticed an ogre
  1482 | D:4      | Killed an ogre
  1483 | D:4      | Reached skill level 5 in Fighting
  1483 | D:4      | Reached XP level 4. HP: 21/42 MP: 3/3
  1483 | D:4      | Reached XP level 5. HP: 25/48 MP: 4/4
  1804 | D:4      | Noticed sigtrap's ghost (amateur GnHs)
  1805 | D:4      | Found a transporter.
  1811 | D:4      | Found a stormy altar of Qazlal.
  2223 | D:4      | Reached skill level 6 in Fighting
  2223 | D:4      | Reached XP level 6. HP: 28/57 MP: 5/5
  2370 | D:4      | Found a glowing silver altar of Zin.
  2507 | D:4      | Reached skill level 5 in Axes
  2523 | D:4      | Killed sigtrap's ghost
  2524 | D:4      | Reached XP level 7. HP: 55/64 MP: 6/6
  2580 | D:5      | Entered Level 5 of the Dungeon
  2650 | D:5      | Reached skill level 7 in Fighting
  2760 | D:5      | Reached skill level 5 in Armour
  3044 | D:5      | Reached *** piety under Trog
  3045 | D:5      | Reached skill level 8 in Fighting
  3045 | D:5      | Reached skill level 5 in Dodging
  3045 | D:5      | Reached XP level 8. HP: 51/74 MP: 7/7
  3550 | D:5      | Found a runed translucent door.
  3552 | D:5      | Found a runed translucent door.
  3844 | D:5      | Reached skill level 9 in Fighting
  3916 | D:6      | Reached XP level 9. HP: 85/85 MP: 8/8
  4283 | D:6      | Identified the +9 whip "Paeheeb" {drain, rN+ Int+4}
  4288 | D:6      | Reached skill level 10 in Fighting
  4744 | D:6      | Found a runed translucent door.
  4748 | D:6      | Noticed flotson's ghost (novice DsDe)
  4969 | D:6      | Reached **** piety under Trog
  5075 | D:6      | Killed flotson's ghost
  5600 | D:7      | Reached skill level 11 in Fighting
  5797 | D:7      | Found a staircase to the Ecumenical Temple.
  5997 | D:7      | Found a bloodstained altar of Trog.
  6192 | D:7      | Noticed Joseph
  6205 | D:7      | Killed Joseph
  6206 | D:7      | Reached XP level 10. HP: 96/96 MP: 9/9
  6319 | D:7      | Found a white marble altar of Elyvilon.
  6520 | D:8      | Slain by an unseen horror

Illustrated notes

Levels and vault maps discovered:
D:1:      minmay_arrival_five_plusses, layout_basic, serial_co_window_serial,
          co_window_of_opportunity_a, co_window_corner_a, co_window_paths_a,
          co_window_of_opportunity_a, co_window_of_opportunity_a,
          co_window_paths_a, co_window_of_opportunity_a,
          co_window_unsneaky_path_c, co_window_paths_c,
          co_window_of_opportunity_c, glass_columns_a, glass_columns_a
D:2:      layout_basic, serial_shops,
          nicolae_shop_temple_entry_statues_fountains, uniq_crazy_yiuf_cottage,
          uniq_terence
D:4:      layout_basic, zin_treasury, nicolae_qazlal_scattered_showers,
          gammafunk_ghost_mausoleum
D:5:      lemuel_insect_pit, layout_basic
D:6:      layout_basic, ebering_ghost_sewer_d
D:7:      layout_basic, lemuel_round_altar, trog_three_pillars_becter,
          minmay_temple_entry_from_below_a, uniq_joseph
D:8:      layout_rooms, kennysheep_little_box, gammafunk_temple_of_torment,
          st_stairs_11, kennysheep_small_square

Skill      XL: |  1  2  3  4  5  6  7  8  9 |
---------------+----------------------------+-----
Fighting       | 4 5 6 8 9 11 | 11.7
Axes           | 4 5 6 7 8 |  8.7
Armour         | 3 4 5 6 8 |  8.3
Dodging        | 3 4 5 6 7 |  7.5

Action                   |  1- 3 |  4- 6 |  7- 9 | 10-12 || total
-------------------------+-------+-------+-------+-------++-------
Melee: Hand axe          |    74 |    82 |   174 |       ||   330
       Headbutt          |    16 |    13 |    47 |     7 ||    83
       Punch             |       |       |     2 |       ||     2
       War axe           |       |       |   120 |    22 ||   142
Invok: Berserk           |     1 |     1 |     6 |       ||     8
       Brothers in Arms  |       |       |     1 |       ||     1
  Use: Scroll            |     4 |       |     5 |       ||     9
Armor: Animal skin       |    13 |       |       |       ||    13
       Chain mail        |     5 |    37 |   123 |    25 ||   190
Dodge: Dodged            |    40 |    40 |   181 |     9 ||   270

Table legend: (Time is in decaauts)
 A = Elapsed time spent in this place.
 B = Non-inter-level travel time spent in this place.
 C = Inter-level travel time spent in this place.
 D = Time resting spent in this place.
 E = Time spent auto-exploring this place.
 F = Levels seen in this place.
 G = Mean time per level.
                   A        B        C        D        E       F      G
               +--------+--------+--------+--------+--------+-----+--------+
         Total |   6610 |   6413 |    197 |    216 |   5177 |   7 |  944.3 |
       Dungeon |   6610 |   6413 |    197 |    216 |   5177 |   7 |  944.3 |
               +--------+--------+--------+--------+--------+-----+--------+

Top non-repeatable levels by time:
     D:7: 1326 daAuts
     D:5: 1322 daAuts
     D:6: 1320 daAuts
     D:1: 1253 daAuts
     D:4: 1171 daAuts
     D:2: 185 daAuts
     D:8: 30 daAuts
